 Dungeon Crawl Stone Soup version 0.30-a0-371-gad7725a93e (webtiles) character file.

Game seed: 14580678002401875780

2 Haldmier the Sneak (level 1, -1/18 HPs)
             Began as a Human Delver on Nov 22, 2022.
             Slain by an orc
             ... wielding a +0 trident
              (6 damage)
             ... on level 3 of the Dungeon.
             The game lasted 00:02:15 (132 turns).

Haldmier the Sneak (Human Delver)                    Turns: 132, Time: 00:02:16

Health: -1/18      AC:  3    Str: 12    XL:     1   Next: 33%
Magic:  1/1        EV: 12    Int: 10    God:
Gold:   17         SH:  0    Dex: 14    Spells: 0/0 levels left

rFire   . . .      SeeInvis .    a - +0 mace
rCold   . . .      Faith    .    (no shield)
rNeg    . . .      Spirit   .    b - +0 leather armour
rPois   .          Reflect  .    (no helmet)
rElec   .          Harm     .    (no cloak)
rCorr   .          Rampage  .    (no gloves)
Will    .....                    (no boots)
Stlth   +++.......               (no amulet)
HPRegen 0.23/turn                (no ring)
MPRegen 0.07/turn                (no ring)

@: no status effects
A: no striking features
a: no special abilities


You were on level 3 of the Dungeon.
You visited 1 branch of the dungeon, and saw 4 of its levels.

You collected 17 gold pieces.

Inventory:

Hand Weapons
 a - a +0 mace (weapon)
Armour
 b - a +0 leather armour (worn)
Jewellery
 i - a ring of fire
Wands
 g - a wand of digging (3)
Scrolls
 c - a scroll of fog
 d - a scroll of magic mapping
 e - a scroll of fear
 h - 2 scrolls of identify {unknown}
 j - a scroll of brand weapon {unknown}
Potions
 f - a potion of haste


   Skills:
 + Level 3.0 Fighting
 + Level 2.0 Maces & Flails
 + Level 2.0 Dodging
 + Level 5.0 Stealth


You couldn't memorise any spells.
You didn't know any spells.
Your spell library was empty.

Dungeon Overview and Level Annotations

Branches:
Dungeon (6/15)
 Temple: D:4-7

Altars:
Hepliaklqana

Shops:
D:4 :?


Message History

There is an entrance to Tehos's Book Boutique here.
There is a stone staircase leading up here.
You climb upwards.
Found 9 gold pieces.
There is a stone staircase leading down here.
You now have 17 gold pieces (gained 9).
A kobold comes into view. It is wielding a +0 whip.
The kobold shouts!
The kobold closely misses you.
You hear a shout!
You hit the kobold but do no damage. You miss the kobold.
The kobold hits you with a +0 whip.
You hit the kobold.
You kill the kobold!
You start resting.
HP restored.
An orc and a kobold come into view.
The orc shouts!
The kobold shouts!
Things that are here:
a +0 whip; 5 stones The kobold throws a stone.
The stone closely misses you.
The kobold throws a stone.
The stone hits you.
You hit the kobold.
You kill the kobold!
You hit the orc.
The orc is severely wounded.
The orc hits you with a +0 trident!
You hit the orc but do no damage. You punch the orc.
The orc is almost dead.
The orc barely misses you.
You closely miss the orc.
The orc is almost dead.
The orc hits you with a +0 trident. x2
* * * LOW HITPOINT WARNING * * *
You closely miss the orc.
The orc is almost dead.
The orc closely misses you.
You hit the orc but do no damage.
The orc is almost dead.
The orc hits you with a +0 trident.
You die...

.... ###.. .....+...#
..#.# .....##..#
..#.#
.....#...###.#.# ###
####...)#....#.# ...
.......o#.#..#.+ ....
.......K#.#....#.....
........#.##..##.....
........#@...>.......
####....o..#.........
#...###.#.........
#..... ..#.........
....... ####.........
....... #.........
....... ..........
....... ...+#######
...#


You could see an orc.

Vanquished Creatures
  2 kobolds (D:3)
2 creatures vanquished.

Notes
Turn   | Place    | Note
-------+----------+-------------------------------------------
     0 | D:5      | Haldmier the Human Delver began the quest for the Orb.
     0 | D:5      | Reached XP level 1. HP: 18/18 MP: 1/1
    31 | D:6      | Noticed a bullfrog
    37 | D:5      | Found a hazy altar of Hepliaklqana.
    74 | D:5      | Noticed a necrophage
    95 | D:4      | Noticed an iguana
    95 | D:4      | Found Tehos's Book Boutique.
    95 | D:4      | Found Plog's Magic Scroll Emporium.
   132 | D:3      | Slain by an orc

Illustrated notes

Levels and vault maps discovered:
D:3:      layout_basic, nicolae_ru_great_annihilating_truth
D:4:      minmay_opposing_rooms, layout_basic, vehumet_crystals, serial_shops,
          shop, nicolae_square_shop, shop, shop, nicolae_stop_n_shop_2,
          minmay_misc_feat_rugged
D:5:      layout_cave_pools, mainiacjoe_overflow_small_starburst,
          kennysheep_mini_moat
D:6:      layout_rooms, dreamdust_gnoll_farm, uniq_sigmund, uniq_edmund,
          uniq_pikel, uniq_duvessa

Action                   || total
-------------------------++-------
Melee: Mace              ||     9
       Punch             ||     1
Dodge: Dodged            ||     4

Table legend: (Time is in decaauts)
 A = Elapsed time spent in this place.
 B = Non-inter-level travel time spent in this place.
 C = Inter-level travel time spent in this place.
 D = Time resting spent in this place.
 E = Time spent auto-exploring this place.
 F = Levels seen in this place.
 G = Mean time per level.
                   A        B        C        D        E       F      G
               +--------+--------+--------+--------+--------+-----+--------+
         Total |    134 |    134 |      0 |      0 |      0 |   4 |   33.5 |
       Dungeon |    134 |    134 |      0 |      0 |      0 |   4 |   33.5 |
               +--------+--------+--------+--------+--------+-----+--------+

Top non-repeatable levels by time:
     D:5: 79 daAuts
     D:3: 33 daAuts
     D:6: 15 daAuts
     D:4: 5 daAuts
